 Seeded DCSS version 0.30-a0-354-g6b83867211 (webtiles) character file.

Game seed: 2231567656055988436 (custom seed)

268772 retardedninja the Slayer (level 19, -2/190 HPs)
             Began as a Minotaur Fighter on Nov 7, 2022.
             Was an Initiate of Gozag.
             Killed from afar by a deep elf annihilator (69 damage)
             ... with an iron shot
             ... on level 3 of the Elven Halls.
             The game lasted 01:38:33 (67049 turns).

retardedninja the Slayer (Minotaur Fighter)        Turns: 67049, Time: 01:38:33

Health: -2/190     AC: 37    Str: 36    XL:     19   Next: 38%
Magic:  0/18       EV:  9    Int:  1    God:    Gozag
Gold:   1693       SH: 17    Dex: 11    Spells: 18/18 levels left

rFire   + + .      SeeInvis .    a - +6 war axe (flame)
rCold   + . .      Faith    .    m - +2 kite shield {rC+ rF+}
rNeg    . . .      Spirit   +    r - +6 plate armour
rPois   .          Reflect  .    (helmet unavailable)
rElec   +          Harm     .    N - +2 cloak {rCorr}
rCorr   +          Rampage  .    h - +0 pair of gloves {hurl}
Will    +....                    e - +0 pair of boots {Fly}
Stlth   ..........               S - amulet of guardian spirit
HPRegen 0.51/turn                g - ring "Giacio" {Fire rElec Str+7 Int-4 Slay+5}
MPRegen 0.16/turn                i - ring of Nadug {+Blink rC+ AC+4 Str+3}

@: flying, studying Dodging, unable to read, unable to drink
A: horns 3, retaliatory headbutt, weak 1, wild magic 1, inability to drink after
injury 1, inability to read after injury 1
}: 2/15 runes: decaying, serpentine
a: Renounce Religion, Evoke Blink, Potion Petition, Call Merchant, Bribe Branch


You were on level 3 of the Elven Halls.
You worshipped Gozag.
Gozag was most pleased with you.
You visited 6 branches of the dungeon, and saw 31 of its levels.
You visited 1 bazaar.
You also visited: Desolation.

You collected 14102 gold pieces.
You spent 4124 gold pieces at shops.
You paid 8285 gold pieces to Gozag.

Inventory:

Hand Weapons
 a - a +6 war axe of flaming (weapon)
Missiles
 j - 51 boomerangs
 P - 11 silver javelins (quivered)
 Q - 7 throwing nets
 R - 6 silver boomerangs
Armour
 e - a +0 pair of boots of flying (worn)
 h - a +0 pair of gloves of hurling (worn)
 k - the +1 robe of Vines {NoPotionHeal Regen++++}
   (You found it on level 3 of the Lair of Beasts)

   Its wearer cannot be healed by potions.
   Regen:     It increases your rate of health regeneration.
 m - a +2 kite shield of resistance (worn)
 r - a +6 plate armour (worn)
 N - a +2 cloak of preservation (worn)
Jewellery
 c - the ring of Dishonour {rElec AC+4 Str+2}
   (You took it off a servant of whispers in the Desolation of Salt)

   [ring of protection]

   AC:        It affects your AC (+4).
   Str:       It affects your strength (+2).
   rElec:     It insulates you from electricity.
 g - the ring "Giacio" (left hand) {Fire rElec Str+7 Int-4 Slay+5}
   (You found it in the Desolation of Salt)

   [ring of fire]

   It enhances your fire magic.
   Str:       It affects your strength (+7).
   Int:       It affects your intelligence (-4).
   Slay:      It affects your accuracy & damage with ranged weapons and melee
   (+5).
   rF:        It protects you from fire.
   rC:        It makes you vulnerable to cold.
   rElec:     It insulates you from electricity.
 i - the ring of Nadug (right hand) {+Blink rC+ AC+4 Str+3}
   (You bought it in a shop on level 2 of the Snake Pit)

   [ring of protection]

   AC:        It affects your AC (+4).
   Str:       It affects your strength (+3).
   rC:        It protects you from cold.
   +Blink:    It lets you blink.
 u - the ring "Sujor" {rF+ Dex+3}
   (You took it off an imperial myrmidon in the Desolation of Salt)

   [ring of protection from fire]

   Dex:       It affects your dexterity (+3).
   rF:        It protects you from fire.
 w - the ring of Ydiaruikk {rF++ Str+8 Int-4 Dex+6}
   (You bought it in a shop on level 2 of the Snake Pit)

   [ring of dexterity]

   Str:       It affects your strength (+8).
   Int:       It affects your intelligence (-4).
   Dex:       It affects your dexterity (+6).
   rF:        It greatly protects you from fire.
 A - an amulet of magic regeneration
 F - the ring "Reuzeo" {Will+ Int+2}
   (You took it off a servant of whispers in the Desolation of Salt)

   [ring of willpower]

   Int:       It affects your intelligence (+2).
   Will:      It increases your willpower.
 S - an amulet of guardian spirit (around neck)
 V - a +4 ring of evasion
 W - a ring of ice
Wands
 o - a wand of mindburst (17)
 z - a wand of polymorph (7)
 C - a wand of flame (32)
 E - a wand of acid (4)
 H - a wand of roots (17)
 L - a wand of paralysis (8)
 T - a wand of digging (7)
Scrolls
 f - 6 scrolls of fear
 l - 12 scrolls of vulnerability
 s - 7 scrolls of immolation
 v - 6 scrolls of poison
 y - 13 scrolls of identify
 G - 7 scrolls of amnesia
 J - 5 scrolls of butterflies
 M - a scroll of brand weapon
 X - a scroll of silence
Potions
 b - 5 potions of magic
 d - 2 potions of cancellation
 n - 3 potions of brilliance
 p - 6 potions of mutation
 q - a potion of might
 t - 7 potions of lignification
 x - 2 potions of ambrosia
 B - 4 potions of attraction
 I - a potion of resistance
 U - a potion of curing
Miscellaneous
 D - a phantom mirror
 K - a piece from Xom's chessboard (15/15)
 O - a tin of tremorstones (2/2)
 Z - a phial of floods


   Skills:
 + Level 21.5 Fighting
 + Level 21.4 Axes
 + Level 21.5 Armour
 + Level 21.5 Shields


You had 18 spell levels left.
You didn't know any spells.
Your spell library contained the following spells:

 Spells                   Type           Power      Damage    Failure   Level
 Apportation              Tloc           0%         N/A       97%         1
 Beastly Appendage        Tmut           0%         N/A       97%         1
 Necrotise                Necr           0%         1d4       97%         1
 Summon Small Mammal      Summ           0%         N/A       97%         1
 Cigotuvi's Dreadful Rot  Necr/Pois/Air  0%         N/A       99%         2
 Ensorcelled Hibernation  Hex/Ice        0%         N/A       99%         2
 Passwall                 Tmut/Erth      0%         N/A       99%         2
 Static Discharge         Conj/Air       0%         2-2/arc   99%         2
 Sublimation of Blood     Necr           0%         N/A       99%         2
 Wereblood                Tmut           0%         N/A       99%         2
 Kindle Blastsparks       Fire/Tloc/Air  0%         2d10      100%        3
 Spider Form              Tmut/Pois      0%         N/A       100%        3
 Stone Arrow              Conj/Erth      0%         3d7       100%        3
 Swiftness                Air            0%         N/A       100%        3
 Vhi's Electric Charge    Tloc/Air       0%         N/A       100%        3
 Animate Armour           Summ/Erth      0%         N/A       100%        4
 Passage of Golubria      Tloc           0%         N/A       100%        4
 Petrify                  Tmut/Erth      0%         N/A       100%        4
 Arcjolt                  Conj/Air       0%         1d10      100%        5
 Lightning Bolt           Conj/Air       0%         1d11      100%        5
 Metabolic Englaciation   Hex/Ice        0%         N/A       100%        5
 Silence                  Hex/Air        0%         N/A       100%        5
 Summon Forest            Summ/Tloc      0%         N/A       100%        5
 Eringya's Noxious Bog    Tmut/Pois      0%         N/A       100%        6
 Statue Form              Tmut/Erth      0%         N/A       100%        6
 Malign Gateway           Summ/Tloc      0%         N/A       100%        7
 Summon Hydra             Summ           0%         N/A       100%        7
 Lehudib's Crystal Spear  Conj/Erth      0%         10d2      100%        8


Dungeon Overview and Level Annotations

Branches:
Dungeon (13/15)            Temple (0/1) D:5            Lair (5/5) D:9
  Swamp (4/4) Lair:2        Snake (4/4) Lair:3        Slime (0/5) Lair:4
    Orc (2/2) D:12            Elf (3/3) Orc:2       Desolation (visited)
 Vaults: D:13-14

Altars:
Ashenzari
Cheibriados
Dithmenos
Elyvilon
Fedhas
Gozag
Kikubaaqudgha
Nemelex Xobeh
Okawaru
Uskayaw
Wu Jian
Xom
Yredelemnul
Zin
Jiyva

Shops:
D:4 (   D:8 *   D:13 !   Orc:2 [*=(   Elf:2 (   Elf:3 :   Lair:3 [[(   Lair:5 [
Snake:2 =(:=


Innate Abilities, Weirdness & Mutations

You have a pair of large horns on your head.
You reflexively headbutt those who attack you in melee.
You are weak. (Str -2)
Your spells are a little harder to cast, but a little more powerful.
You occasionally lose the ability to drink potions when taking damage.
You occasionally lose the ability to read scrolls when taking damage.


Message History

The deep elf high priest is moderately wounded.
The deep elf high priest utters an invocation to its god.
The deep elf high priest begins emitting a brilliant aura!
Unknown command.
You hit the deep elf high priest but do no damage.
The deep elf high priest is moderately wounded.
Unknown command.
You hit the deep elf high priest but do no damage.
The deep elf high priest is moderately wounded.
The deep elf high priest is no longer giving off an aura.
The deep elf high priest is distracted by your dazzling golden aura.
Unknown command.
You catch the helpless deep elf high priest completely off-guard!
You carve the deep elf high priest like a ham!!!
You burn the deep elf high priest!
You kill the deep elf high priest!
Unknown command.
The deep elf annihilator casts a spell at you.
The crystal spear hits you!!!
You feel threatened and lose the ability to read scrolls!
You feel threatened and lose the ability to drink potions!
Things that are here:
7 gold pieces; a +0 scimitar; the +12 shadow dragon scales of Charity {Fly Stlth++++} The deep elf annihilator gestures wildly while chanting.
The deep elf annihilator blinks!
Unknown command.
Things that are here:
7 gold pieces; a +0 scimitar; the +12 shadow dragon scales of Charity {Fly Stlth++++} You now have 1693 gold pieces (gained 5).
Things that are here:
a +0 dagger; a +0 leather armour of willpower A deep elf zephyrmancer comes into view.
It is wielding a +0 long sword.
The deep elf annihilator gestures wildly while chanting.
The deep elf annihilator blinks!
The deep elf zephyrmancer gestures wildly while chanting.
The deep elf zephyrmancer blinks!
The deep elf annihilator points at you and mumbles some strange words.
The iron shot hits you!!!!
You die...
Your body crumbles into a pile of gold.

......######## #....)).....
.(.....).....# #...........
.....<)'....)# #...........
......######.# #...........
#....## #.# #...........
##..## #.# #....e...... #'##
#.# #####''######
#.#########.########...#..##
##..........).e.@.e...ยง)$...#
#.....#.....................#
#.###.....#.....#....$......#
#'###....###........$###....#
...#.....# #.........# #....#
.......### ###.....### ###..#
......## ##...## ##.#
.......### ###..#..### ###..##
.........# #...###...#
#.....####


You could see a deep elf annihilator (empowered) and a deep elf zephyrmancer.

Vanquished Creatures
  A deep elf blademaster (Elf:3)
  3 nagarajas
  2 deep elf sorcerers
  2 imperial myrmidons (Desolation)
  3 deep elf elementalists (Elf:3)
  3 orc warlords
  3 halazid warlocks (Desolation)
  2 eleionomae
  2 deep elf demonologists
  6 deep elf annihilators (Elf:3)
  3 deep elf death magi
  3 bunyips
  A crystal guardian (Desolation)
  2 deep elf high priests (Elf:3)
  A shambling mangrove (Swamp:4)
  11 servants of whispers (Desolation)
  10 hydras
  10 ragged hierophants
  4 salamander tyrants (Snake:4)
  10 peacekeepers (Desolation)
  4 ice dragons (Swamp:4)
  2 catoblepae (Lair:5)
  2 ghost crabs
  5 anacondas
  27 dancing weapons
  11 alligators
  2 boulder beetles
  5 two-headed ogres
  A deep troll shaman (Lair:5)
  13 death yaks
  16 naga warriors
  4 centaur warriors (D:13)
  A shock serpent (Snake:3)
  9 spriggans
  An orc high priest (Orc:2)
  20 naga sharpshooters
  17 deep elf knights
  6 naga ritualists
  4 goliath frogs
  3 spriggan druids
  10 swamp dragons
  2 salamander mystics
  8 deep elf archers
  5 bog bodies
  A lindwurm (Lair:5)
  6 orc knights
  25 deep elf pyromancers
  3 ironbound convokers (Desolation)
  4 mana vipers
  28 deep elf zephyrmancers
  6 orc sorcerers
  4 oklob plants
  2 will-o-the-wisps
  3 ugly things
  8 salamanders
  3 cyclopes (D:13)
  3 manticores
  2 molten gargoyles (Desolation)
  42 black mambas
  8 guardian serpents
  18 elephants
  A torpor snail (Lair:3)
  14 cane toads
  17 naga magi
  2 unseen horrors
  3 gargoyles (D:12)
  A rime drake (Lair:4)
  A kobold demonologist (D:11)
  7 komodo dragons
  4 freezing wraiths
  5 polar bears
  7 trolls
  3 meliai (Lair:4)
  A queen bee (Lair:4)
  7 tyrant leeches
  A bloated husk (Swamp:4)
  71 saltlings
  8 hornets
  4 slime creatures (D:13)
  Prince Ribbit (D:7)
  21 blink frogs
  2 air elementals (Elf:1)
  2 shadows
  A wraith (D:12)
  8 wyverns
  A vampire (D:11)
  A water elemental (Elf:2)
  56 yaks
  5 basilisks
  3 fire elementals (Elf:1)
  Grum (D:11)
  2 steam dragons
  A death yak simulacrum (Lair:1)
  6 swamp worm simulacra (Swamp:4)
  15 vampire mosquitoes
  3 wargs
  49 nagas
  14 swamp worms
  16 water moccasins
  2 acid dragons
  13 hydra simulacra (Swamp:4)
  5 swamp drakes
  An ice beast (D:6)
  53 orc warriors
  4 black bears
  4 sky beasts
  8 ogres
  13 wolves
  A centaur (D:9)
  Blork the orc (Orc:2)
  3 kobold brigands (D:11)
  12 bullfrogs
  2 gnoll sergeants
  2 scorpions
  An earth elemental (Elf:1)
  6 wights
  An elephant simulacrum (Lair:1)
  38 killer bees
  2 electric eels
  5 howler monkeys
  3 jellies
  14 orc priests
  4 hounds
  An iron imp (D:6)
  An iguana (D:4)
  25 orc wizards
  A polar bear simulacrum (Lair:1)
  A wolf simulacrum (Lair:1)
  15 gnolls
  A river rat (Lair:4)
  6 adders
  An ufetubus (D:5)
  2 swamp drake simulacra (Swamp:4)
  3 worms
  5 dart slugs
  94 orcs
  10 endoplasms
  2 giant cockroaches (D:1)
  6 goblins
  12 hobgoblins
  6 quokkas
  3 ball pythons
  4 bats
  13 frilled lizards
  11 kobolds
  2 rats (D:1)
1214 creatures vanquished.

Vanquished Creatures (collateral kills)
  Vashnia (Snake:2)
1 creature vanquished.

Vanquished Creatures (others)
  An eleionoma (Swamp:4)
  A shambling mangrove (Swamp:4)
  A goliath frog (Swamp:4)
  A swamp dragon (Swamp:4)
  2 bloated husks
  A tyrant leech (Swamp:4)
  2 hornets (Swamp:4)
  A saltling (Desolation)
  3 vampire mosquitoes (Swamp:4)
  2 swamp worms (Swamp:2)
  8 bushes (Lair:3)
  18 foxfires
  34 fungi
  94 plants
  3 withered plants (Desolation)
172 creatures vanquished.

Grand Total: 1387 creatures vanquished

Notes
Turn   | Place    | Note
-------+----------+-------------------------------------------
     0 | D:1      | retardedninja the Minotaur Fighter began the quest for the
                  | Orb.
     0 | D:1      | Reached XP level 1. HP: 19/19 MP: 0/0
   126 | D:1      | Reached XP level 2. HP: 24/27 MP: 1/1
   234 | D:1      | Found a faded altar of an unknown god.
   485 | D:1      | Reached XP level 3. HP: 31/33 MP: 2/2
   854 | D:2      | Reached XP level 4. HP: 36/40 MP: 3/3
  1497 | D:3      | Found a broken altar of Ashenzari.
  1797 | D:3      | Gained mutation: You have a pair of large horns on your
                  | head. [potion of mutation]
  1797 | D:3      | Gained mutation: Your spells are a little harder to cast,
                  | but a little more powerful. [potion of mutation]
  2440 | D:4      | Reached XP level 5. HP: 35/47 MP: 4/4
  2969 | D:4      | Noticed an ogre
  2976 | D:4      | Killed an ogre
  2977 | D:4      | Reached skill level 5 in Fighting
  2977 | D:4      | Reached skill level 5 in Armour
  2977 | D:4      | Reached skill level 5 in Shields
  2977 | D:4      | Reached XP level 6. HP: 17/56 MP: 5/5
  3332 | D:4      | Found Fynamiuh's Weapon Shop.
  3913 | D:5      | Entered Level 5 of the Dungeon
  4300 | D:5      | Found a basalt altar of Yredelemnul.
  4375 | D:5      | Noticed a +0 short sword
  4375 | D:5      | Noticed a +0 spear
  4375 | D:5      | Noticed a +0 dagger
  4375 | D:5      | Noticed a +0 falchion
  4375 | D:5      | Noticed a +0 short sword
  4375 | D:5      | Noticed a +0 dagger
  4375 | D:5      | Noticed a +0 spear
  4376 | D:5      | Noticed a +0 falchion
  4387 | D:5      | Reached skill level 5 in Axes
  4392 | D:5      | Reached XP level 7. HP: 51/62 MP: 6/6
  4769 | D:5      | Found a hide-covered altar of Uskayaw.
  4823 | D:5      | Found a staircase to the Ecumenical Temple.
  4878 | D:6      | Found an opulent altar of Gozag.
  4885 | D:6      | Became a worshipper of Gozag Ym Sagoz the Greedy
  5782 | D:6      | Found a snail-covered altar of Cheibriados.
  6605 | D:7      | Reached XP level 8. HP: 68/71 MP: 7/7
  6930 | D:7      | Noticed Prince Ribbit
  6942 | D:7      | Killed Prince Ribbit
  7527 | D:7      | Reached XP level 9. HP: 77/81 MP: 8/8
  7875 | D:7      | Found a shimmering altar of Xom.
  8077 | D:8      | Found Xiuruug's General Store.
  8659 | D:8      | Noticed a two-headed ogre
  8666 | D:8      | Killed a two-headed ogre
  8701 | D:8      | Found a sparkling altar of Nemelex Xobeh.
  8896 | D:8      | Reached XP level 10. HP: 86/91 MP: 9/9
  9131 | D:8      | Bought a phantom mirror for 440 gold pieces
  9212 | D:9      | Found a staircase to the Lair.
 10043 | D:9      | HP: 3/91 [gnoll/+0 halberd[a gnoll sergeant] (11)]
 11124 | D:10     | Entered Level 10 of the Dungeon
 11436 | D:10     | Reached skill level 10 in Armour
 11463 | D:10     | Found a glowing silver altar of Zin.
 11540 | D:10     | Reached skill level 10 in Fighting
 11580 | D:10     | Reached skill level 10 in Shields
 11614 | D:10     | Found an ornate altar of the Wu Jian Council.
 11615 | D:10     | Found a white marble altar of Elyvilon.
 11656 | D:10     | Reached skill level 10 in Axes
 12875 | D:11     | Identified the +3 robe of Zin's Inspiration {Int+2}
 12899 | D:11     | Found a shadowy altar of Dithmenos.
 12920 | D:11     | Reached XP level 11. HP: 92/101 MP: 10/10
 13163 | D:11     | Noticed a red ugly thing
 13168 | D:11     | Killed a red ugly thing
 13219 | D:11     | Noticed Grum
 13235 | D:11     | Killed Grum
 14106 | D:12     | Noticed a green ugly thing
 14115 | D:12     | Killed a green ugly thing
 14677 | D:12     | Noticed a two-headed ogre
 15187 | D:12     | Noticed a two-headed ogre
 15199 | D:12     | Killed a two-headed ogre
 15264 | D:12     | Noticed a two-headed ogre
 15268 | D:12     | Killed a two-headed ogre
 15296 | D:12     | Found a staircase to the Orcish Mines.
 15528 | D:12     | Noticed a two-headed ogre
 15538 | D:12     | Killed a two-headed ogre
 15655 | D:12     | Killed a two-headed ogre
 15656 | D:12     | Reached XP level 12. HP: 99/113 MP: 11/11
 15977 | Lair:1   | Entered Level 1 of the Lair of Beasts
 16170 | Lair:1   | Found a frozen archway.
 17440 | Lair:2   | Noticed a death yak
 17446 | Lair:1   | Killed a death yak
 17512 | Lair:2   | Noticed a death yak
 17512 | Lair:2   | Noticed a death yak
 17523 | Lair:1   | Killed a death yak
 17930 | Lair:2   | Noticed a death yak
 17937 | Lair:1   | Killed a death yak
 18080 | Lair:1   | Killed a death yak
 19274 | Lair:2   | Reached XP level 13. HP: 108/123 MP: 12/12
 19514 | Lair:2   | Found a staircase to the Swamp.
 19580 | Lair:3   | Found the +1 robe of Vines {NoPotionHeal Regen++++}
 20863 | Lair:3   | Found a staircase to the Snake Pit.
 21729 | Lair:3   | Bought a pair of glowing gloves for 270 gold pieces
 22198 | Lair:4   | Found a staircase to the Slime Pits.
 22199 | Lair:4   | Found a viscous altar of Jiyva.
 22380 | Lair:4   | Reached skill level 15 in Armour
 22557 | Lair:4   | Reached skill level 15 in Fighting
 22875 | Lair:4   | Reached skill level 15 in Shields
 22942 | Lair:4   | Identified the amulet "Johiob" {Faith Dex+3 Slay-6}
 23073 | Lair:4   | Reached XP level 14. HP: 104/135 MP: 9/13
 23859 | Lair:4   | Reached skill level 15 in Axes
 24868 | Lair:5   | Entered Level 5 of the Lair of Beasts
 26455 | Lair:5   | Found a blossoming altar of Fedhas.
 27506 | Lair:5   | Identified the ring "Zioqolos" {Contam rPois rF+ rC+}
 28207 | D:13     | Found an iron altar of Okawaru.
 29574 | D:13     | Identified the +6 fire dragon scales of the Turtledove
                  | {rF++ rC- Int+3 Slay+3}
 30138 | D:13     | Reached XP level 15. HP: 145/145 MP: 14/14
 30265 | D:13     | Identified the +0 helmet of Kimaick {rN++}
 30402 | D:13     | Bought a potion of curing for 48 gold pieces
 30402 | D:13     | Bought a potion of resistance for 160 gold pieces
 30402 | D:13     | Bought a potion of curing for 48 gold pieces
 30402 | D:13     | Bought a potion of might for 64 gold pieces
 30402 | D:13     | Bought a potion of curing for 48 gold pieces
 31426 | Orc:1    | Entered Level 1 of the Orcish Mines
 31757 | Orc:1    | Gained mutation: You occasionally lose the ability to read
                  | scrolls when taking damage. [a neqoxec]
 31761 | Orc:1    | Gained mutation: You have hidden genetic defects. [a
                  | neqoxec]
 32265 | Orc:2    | Entered Level 2 of the Orcish Mines
 33198 | Orc:2    | Found a staircase to the Elven Halls.
 33240 | Orc:2    | Noticed Blork the orc
 33368 | Orc:2    | Killed Blork the orc
 33500 | Orc:2    | Found Rostrauck's Antique Weapon Boutique.
 33526 | Orc:2    | Found Piciaz's Jewellery Boutique.
 33638 | Orc:2    | Found Are Vytoo's Antique Armour Boutique.
 33644 | Orc:2    | Bought a pair of glowing boots for 187 gold pieces
 33776 | Orc:2    | Gained mutation: You occasionally lose the ability to drink
                  | potions when taking damage. [hidden defects]
 34311 | Orc:2    | Found Nucoucu's General Store.
 34317 | Orc:2    | Bought a scroll of teleportation for 45 gold pieces
 34688 | Swamp:1  | Entered Level 1 of the Swamp
 36087 | Swamp:2  | Gained mutation: You are weak. (Str -2) [hidden defects]
 36087 | Swamp:2  | Lost mutation: You have hidden genetic defects. [hidden
                  | defects expressed]
 38697 | Swamp:3  | Reached XP level 16. HP: 142/157 MP: 12/15
 38997 | Swamp:4  | Entered Level 4 of the Swamp
 41898 | Swamp:4  | Got a decaying rune of Zot
 42094 | Snake:1  | Entered Level 1 of the Snake Pit
 43905 | Snake:1  | Identified the +1 falchion of Nayw {vorpal, Str+2 Stlth+}
 44781 | Snake:2  | Found Quff's Weapon Shop.
 45717 | Snake:2  | Found Qud Qidi's Book Boutique.
 45739 | Snake:2  | Found Koeppeol's Jewellery Emporium.
 45739 | Snake:2  | Found Ecopp's Jewellery Emporium.
 45745 | Snake:2  | Bought the ring of Nadug {+Blink rC+ AC+4 Str+3} for 949
                  | gold pieces
 45747 | Snake:2  | Bought the ring of Ydiaruikk {rF++ Str+8 Int-4 Dex+6} for
                  | 1033 gold pieces
 47690 | Snake:2  | Noticed Vashnia
 48189 | Snake:2  | Killed Vashnia
 49890 | Snake:3  | Reached XP level 17. HP: 125/166 MP: 11/16
 50732 | Snake:3  | Found a flickering gateway to a bazaar.
 50742 | Bazaar   | Entered a bazaar
 50837 | Bazaar   | Found Ebetoak's Distillery.
 50837 | Bazaar   | Found Vaol's Magic Scroll Shop.
 50838 | Bazaar   | Found Bacs's General Store.
 50844 | Bazaar   | Bought a potion of haste for 140 gold pieces
 50844 | Bazaar   | Bought a potion of heal wounds for 70 gold pieces
 50844 | Bazaar   | Bought a potion of berserk rage for 70 gold pieces
 50875 | Bazaar   | Found Lecifuyph's Jewellery Emporium.
 50900 | Bazaar   | Bought a scroll of fear for 64 gold pieces
 50900 | Bazaar   | Bought a scroll of blinking for 120 gold pieces
 50900 | Bazaar   | Bought a scroll of butterflies for 64 gold pieces
 50900 | Bazaar   | Bought a scroll of blinking for 120 gold pieces
 50900 | Bazaar   | Bought a scroll of blinking for 120 gold pieces
 50900 | Bazaar   | Bought a scroll of immolation for 64 gold pieces
 51219 | Snake:4  | Entered Level 4 of the Snake Pit
 56623 | Snake:4  | Got a serpentine rune of Zot
 57029 | Elf:1    | Entered Level 1 of the Elven Halls
 57753 | Elf:1    | Found a crumbling gateway.
 57794 | Desolati | Entered the Desolation of Salt
 57880 | Desolati | Identified the ring "Reuzeo" {Will+ Int+2}
 58000 | Desolati | Identified the +4 dagger of Gallantry {flame, +Blink rC+
                  | Dex+4}
 58000 | Desolati | Identified the ring of Dishonour {rElec AC+4 Str+2}
 58035 | Desolati | Reached XP level 18. HP: 178/178 MP: 9/17
 58392 | Desolati | Identified the ring "Sujor" {rF+ Dex+3}
 59422 | Desolati | Identified the ring "Ugiddeimp" {Str+6 Dex+3}
 59498 | Desolati | Got the Precepts of Distorted Gloom
 59524 | Desolati | Identified the +1 scale mail of Focus {-Tele rF++ Int+2}
 60045 | Desolati | Identified the +0 scale mail of the Thunderstorm {+Inv}
 60051 | Desolati | Identified the ring "Giacio" {Fire rElec Str+7 Int-4
                  | Slay+5}
 60668 | Desolati | Got Sif Muna's Compendium of Nocuous Calling
 61907 | Elf:1    | Paralysed by an air elemental for 1 turns
 61957 | Elf:1    | Found an ancient bone altar of Kikubaaqudgha.
 64045 | Elf:2    | Found Aduff's Weapon Shop.
 64406 | Elf:2    | Found a runed translucent gate.
 64408 | Elf:2    | Found a runed translucent gate.
 64409 | Elf:2    | Found a runed translucent gate.
 64831 | Elf:2    | Reached XP level 19. HP: 184/189 MP: 16/18
 65614 | Elf:3    | Entered Level 3 of the Elven Halls
 65614 | Elf:3    | Found Anny's Book Shoppe.
 67022 | Elf:3    | Identified the +12 shadow dragon scales of Charity {Fly
                  | Stlth++++}
 67049 | Elf:3    | Killed from afar by a deep elf annihilator

Illustrated notes

Levels and vault maps discovered:
D:1:      amcnicky_arrival_choice, layout_basic,
          shapermc_ecumenical_altar_ellora, minmay_misc_feat_ornament
D:2:      layout_basic, minmay_lizard_king
D:3:      layout_loops_ring, mainiacjoe_overflow_cross_hatched
D:4:      layout_basic, serial_shops, nicolae_shop_trees, serial_bayou_pond_a
D:5:      layout_loops_ring, nicolae_uskayaw_en_pointe,
          yredelemnul_altar_generic, minmay_temple_entry_fiery
D:6:      layout_rooms, chei_slow_surprise,
          nicolae_gozag_cash_rules_everything_around_me
D:7:      layout_loops_ring, tgw_xom, kennysheep_generic_room_10,
          uniq_prince_ribbit1
D:8:      layout_loops_ring, mainiacjoe_overflow_24_doors, serial_shops,
          nicolae_shop_window_shopping, chequers_serial_rivers_micro_c
D:9:      layout_cave_pools, lair_entry_dummy, special_room [special_room_orc],
          minivault_22
D:10:     layout_stronghold, general_overflow_altar, nicolae_overflow_squiral,
          enter_bailey_2, grunt_decor_arrowhead
D:11:     layout_roguey, nicolae_dithmenos_shadow_blocks, uniq_grum
D:12:     layout_loops_ring, david_orc_1_choice, abandoned_shop
D:13:     evilmike_iron_armoury, layout_stronghold, minmay_misc_feat_plants
Lair:1:   layout_cellular_growth, portal_ice_cave_entry_ice_simulacra,
          lemuel_fruit_tree, serial_bayou_shore_a, lemuel_fruit_fields
Lair:2:   layout_cave_shapes, minmay_swamp_entry_worms, minivault_23
Lair:3:   layout_chaotic_city, minmay_snake_entry_guardpost_medium,
          minmay_hedge_maze, fungi_pond_lemuel, hellmonk_guarded_unrand_vines
Lair:4:   regret_index_harrowing_hell_hive, layout_long_grid, slime_entry_1,
          minivault_24, worms_lemuel, serial_bayou_shore_b
Lair:5:   grunt_lair_end_beastmaster, layout_gridlike, st_stairs_5, tgw_fedhas
Swamp:1:  layout_basic_swamp, hangedman_swamp_ruin_wall
Swamp:2:  layout_falls_marsh, evilmike_swamp_ruin_rubble_2, swamp_pool5,
          nicolae_swamp_well_well_well
Swamp:3:  layout_falls_marsh, nicolae_swamp_round_clearing, swamp_pool1,
          hangedman_swamp_pad, infiniplex_staircase_pool
Swamp:4:  swamp_icy, layout_basic_swamp, swamp_pool1
Snake:1:  layout_chambers, grunt_megastairs_1
Snake:2:  layout_layer_cave, serial_shops, shop, minmay_shop_grove, uniq_vashnia
Snake:3:  layout_misc_corridors, serial_shops, bzr_entry_dummy
Snake:4:  snake_pit, layout_onion_interference, drop_trap
Orc:1:    layout_diamond_mine
Orc:2:    grunt_orc_cross, layout_caves, basic_altar
Elf:1:    eino_elf_arrival_sip, layout_gridlike, basic_altar,
          portal_desolation_entry_salt, hangedman_elven_crosses_minicolossus
Elf:2:    elven_hall_of_blades_hangedman_original
          [nicolae_blade_entry_antechamber], layout_loops_ring, serial_shops,
          shop
Elf:3:    minmay_elf_hall_furrowed, layout_gridlike, serial_shops,
          nicolae_square_shop, roderic_lattice_octagonal_star

Skill      XL: |  1  2  3  4  5  6  7  8  9 10 11 12 13 14 15 16 17 18 19 |
---------------+----------------------------------------------------------+-----
Fighting       | 4 5 6 7 9 10 12 13 15 16 17 18 20 21 | 21.5
Armour         | 4 5 6 7 9 10 12 13 15 16 17 18 20 21 | 21.5
Shields        | 4 5 6 7 9 10 12 13 15 16 17 18 20 21 | 21.5
Axes           | 3 4 5 6 7 9 10 12 13 14 16 17 18 19 20 21 | 21.4

Action                   |  1- 3 |  4- 6 |  7- 9 | 10-12 | 13-15 | 16-18 | 19-21 || total
-------------------------+-------+-------+-------+-------+-------+-------+-------++-------
Melee: War axe           |    88 |   155 |   212 |   503 |  1176 |  1406 |   136 ||  3676
       Headbutt          |     9 |    23 |    37 |   115 |   319 |   342 |    23 ||   868
Throw: Boomerang         |       |       |       |       |    46 |     1 |       ||    47
       Javelin           |       |       |       |       |    54 |    37 |       ||    91
Invok: Call Merchant     |       |       |       |       |     3 |     2 |       ||     5
       Potion Petition   |       |       |       |       |     3 |     2 |     2 ||     7
Evoke: Wand              |       |       |       |    13 |    26 |       |       ||    39
       Phantom mirror    |       |       |       |       |       |     4 |       ||     4
       Tin of tremorston |       |       |       |       |       |     1 |       ||     1
  Use: Potion            |       |     2 |     2 |     6 |    11 |    22 |     5 ||    48
       Scroll            |       |       |    26 |    10 |    15 |    16 |     1 ||    68
 Stab: Distracted        |       |       |     1 |     1 |     8 |     8 |     1 ||    19
       Petrified         |       |       |       |       |    11 |       |       ||    11
       Petrifying        |       |       |       |       |     2 |       |       ||     2
Armor: Scale mail        |    47 |    18 |       |       |       |       |       ||    65
       Plate armour      |       |    63 |   166 |   300 |   705 |   838 |    56 ||  2128
       Skin              |       |       |       |       |       |    15 |       ||    15
Dodge: Dodged            |    42 |    56 |    58 |   204 |   337 |   325 |    21 ||  1043
Block: Buckler           |    25 |    36 |    38 |   186 |   419 |   288 |       ||   992
       Kite shield       |       |       |       |       |       |   465 |    65 ||   530

Table legend: (Time is in decaauts)
 A = Elapsed time spent in this place.
 B = Non-inter-level travel time spent in this place.
 C = Inter-level travel time spent in this place.
 D = Time resting spent in this place.
 E = Time spent auto-exploring this place.
 F = Levels seen in this place.
 G = Mean time per level.
                   A        B        C        D        E       F      G
               +--------+--------+--------+--------+--------+-----+--------+
         Total |  66775 |  64655 |   2120 |  29249 |  26481 |  33 | 2023.5 |
       Dungeon |  20022 |  19202 |    820 |   7139 |   9665 |  13 | 1540.2 |
          Lair |  12754 |  12020 |    734 |   4765 |   5450 |   5 | 2550.8 |
         Swamp |   7277 |   7163 |    114 |   3558 |   2736 |   4 | 1819.2 |
     Snake Pit |  13633 |  13404 |    229 |   8002 |   3841 |   4 | 3408.2 |
  Orcish Mines |   3244 |   3098 |    146 |    917 |   1625 |   2 | 1622.0 |
   Elven Halls |   6240 |   6165 |     75 |   2950 |   2219 |   3 | 2080.0 |
        Bazaar |    166 |    166 |      0 |      0 |    110 |   1 |  166.0 |
    Desolation |   3435 |   3435 |      0 |   1916 |    833 |   1 | 3435.0 |
               +--------+--------+--------+--------+--------+-----+--------+

Top non-repeatable levels by time:
 Snake:3: 4207 daAuts
 Snake:1: 4010 daAuts
    D:13: 3511 daAuts
Desolation: 3435 daAuts
 Snake:2: 3341 daAuts
   Elf:1: 3183 daAuts
  Lair:4: 3172 daAuts
  Lair:3: 3063 daAuts
 Swamp:3: 3046 daAuts
  Lair:1: 2839 daAuts
  Lair:5: 2618 daAuts
     D:8: 2382 daAuts
   Elf:2: 2101 daAuts
 Snake:4: 2074 daAuts
    D:12: 2037 daAuts
